 Dungeon Crawl Stone Soup version 0.25-a0-705-ge9988fc0fb (webtiles) character file.

Game seed: 8932179347786731996, levelgen mode: deterministic

211 Anathary the Slasher (level 5, -1/39 HPs)
             Began as a Demonspawn Gladiator on Apr 4, 2020.
             Slain by a gnoll
             ... wielding a +0 spear
              (2 damage)
             ... on level 4 of the Dungeon.
             The game lasted 00:14:14 (3780 turns).

Anathary the Slasher (Demonspawn Gladiator)         Turns: 3780, Time: 00:14:14

Health: -1/39      AC:  6    Str: 15    XL:     5   Next: 57%
Magic:  5/5        EV: 12    Int:  9    God:
Gold:   198        SH:  0    Dex: 15    Spells: 4/4 levels left

rFire    . . .     SeeInvis .   a - +0 long sword
rCold    . . .     Gourm    .   (no shield)
rNeg     . . .     Faith    .   b - +0 leather armour
rPois    .         Spirit   .   c - +0 helmet
rElec    .         Reflect  .   v - +1 cloak
rCorr    .         Harm     .   (no gloves)
MR       .....                  (no boots)
Stlth    +++.......             (no amulet)
HPRegen  0.13/turn              r - ring of flight
MPRegen  0.09/turn              (no ring)

@: no status effects
A: nightstalker 1
a: Evoke Flight


You were on level 4 of the Dungeon.
You were not hungry.

You visited 1 branch of the dungeon, and saw 4 of its levels.

You collected 198 gold pieces.

Inventory:

Hand Weapons
 a - a +0 long sword (weapon)
Missiles
 d - 3 throwing nets (quivered)
Armour
 b - a +0 leather armour (worn)
 c - a +0 helmet (worn)
 v - a +1 cloak (worn)
Jewellery
 r - a ring of flight (left hand)
Scrolls
 h - 2 scrolls of remove curse
 k - 2 scrolls of teleportation
 l - 4 scrolls of identify
 m - a scroll of amnesia
Potions
 e - a potion of stabbing {unknown}
 f - a potion of brilliance
 g - a potion of flight {unknown}
 n - a potion of curing {unknown}
 o - 2 potions of lignification {unknown}
 p - a potion of haste {unknown}
 q - a potion of heal wounds {unknown}
Comestibles
 u - 3 rations


   Skills:
 + Level 2.5 Fighting
 * Level 5.2 Long Blades
 - Level 1.7 Throwing
 - Level 0.5 Armour
 - Level 2.6 Dodging
 + Level 1.5 Stealth


You had 4 spell levels left.
You didn't know any spells.
Your spell library was empty.

Dungeon Overview and Level Annotations

Branches:
Dungeon (4/15)
 Temple: D:4-7

Altars:


Innate Abilities, Weirdness & Mutations

You are slightly more attuned to the shadows.


Message History

You riposte.
You hit the gnoll.
You kill the gnoll!
The gnoll hits you but does no damage.
The gnoll hits you from afar with a +0 spear.
You hit the gnoll.
The gnoll is moderately wounded.
The gnoll hits you from afar with a +0 spear!
* * * LOW HITPOINT WARNING * * *
The gnoll misses you.
You riposte.
You closely miss the gnoll.
The gnoll is moderately wounded.
The gnoll closely misses you.
You barely miss the gnoll. The gnoll misses you.
The gnoll hits you with a +0 spear.
* * * LOW HITPOINT WARNING * * *
The gnoll closely misses you.
You slash the gnoll!
The gnoll is almost dead.
The gnoll barely misses you. x2
You barely miss the gnoll. The gnoll hits you with a +0 spear.
You die...

#### #.# ...# #.#
##.# ##.##
##.#####..>####
.........#....###
...###..........#
...# #..##.##.#.#
#. ....
#........#g###....
#.#.
#.###.#....@gg..#.
#. .
#.##.....#.###....
#. ..##..####..#
.# ..<... .....
...... ##..#.#.
..... #....... ...
##.#.#.# ......


You could see 3 gnolls.

Vanquished Creatures
  A hound (D:4)
  A worker ant (D:4)
  A gnoll (D:4)
  5 adders
  An adder skeleton (D:4)
  2 worms (D:2)
  3 dart slugs
  4 leopard geckos
  An orc (D:4)
  6 giant cockroaches
  10 goblins
  10 hobgoblins
  6 jackals
  2 ball pythons (D:1)
  7 bats
  2 frilled lizards (D:2)
  8 kobolds
  A quokka skeleton (D:4)
  8 rats
79 creatures vanquished.

Notes
Turn   | Place    | Note
-------+----------+-------------------------------------------
     0 | D:1      | Anathary the Demonspawn Gladiator began the quest for the
                  | Orb.
     0 | D:1      | Reached XP level 1. HP: 16/16 MP: 1/1
   245 | D:1      | Reached skill level 3 in Long Blades
   387 | D:1      | Gained mutation: You are slightly more attuned to the
                  | shadows. [demonic ancestry]
   387 | D:1      | Reached XP level 2. HP: 14/22 MP: 2/2
   724 | D:1      | Reached XP level 3. HP: 24/27 MP: 3/3
  1294 | D:2      | Reached skill level 4 in Long Blades
  1689 | D:2      | Reached XP level 4. HP: 32/33 MP: 4/4
  3354 | D:4      | Reached XP level 5. HP: 35/39 MP: 5/5
  3442 | D:4      | Reached skill level 5 in Long Blades
  3442 | D:4      | Reached skill level 1 in Stealth
  3778 | D:4      | HP: 1/39 [gnoll/+0 spear (6)]
  3780 | D:4      | Slain by a gnoll

Levels and vault maps discovered:
D:1:      wander_arrival_estate, layout_basic, minmay_hexomino_p4
D:2:      layout_loops_ring
D:3:      layout_loops_corners, first_ration
D:4:      layout_loops_cross, serial_glass, glass_columns_b, glass_columns_b,
          glass_columns_a, glass_columns_b, glass_columns_a, glass_columns_a,
          glass_columns_b, glass_columns_a, glass_columns_b, glass_columns_a,
          due_unseen_surprise, minmay_strange_pillars, feat_on_display,
          item_on_display_a, uniq_sigmund

Skill      XL: |  1  2  3  4  5 |
---------------+----------------+-----
Long Blades    | 3 4 5 |  5.2
Stealth        | 1 |  1.5
Fighting       | |  2.5
Throwing       | |  1.7
Armour         | |  0.5
Dodging        | |  2.6

Action                   |  1- 3 |  4- 6 || total
-------------------------+-------+-------++-------
Melee: Long sword        |   123 |   109 ||   232
  Use: Scroll            |       |    10 ||    10
 Stab: Sleeping          |     3 |    12 ||    15
  Eat: Ration            |     1 |     2 ||     3
Armor: Leather armour    |    37 |    23 ||    60
Dodge: Dodged            |    91 |    79 ||   170
       Rpst.: Long sword |    26 |    26 ||    52

Table legend:
 A = Non-vault XP
 B = Vault XP
 C = Vault XP percentage of total XP
 D = Non-vault monster count
 E = Vault monster count
 F = Vault count percentage of total count
                 A         B        C        D         E       F
            +---------+---------+-------+---------+---------+-------
      Total |     296 |       6 |   2.0 |      76 |       3 |   3.8
            +---------+---------+-------+---------+---------+-------
        D:1 |      47 |       6 |  11.3 |      25 |       3 |  10.7
        D:2 |      85 |       0 |   0.0 |      27 |       0 |   0.0
        D:3 |      49 |       0 |   0.0 |      13 |       0 |   0.0
        D:4 |     115 |       0 |   0.0 |      11 |       0 |   0.0
            +---------+---------+-------+---------+---------+-------
